 Dungeon Crawl Stone Soup version 0.23.2-33-g5129a83184 (webtiles) character file.

Game seed: 10643071115907160004

81 MalarOregon the Poker (level 4, -8/55 HPs)
             Began as a Merfolk Skald on Aug 6, 2019.
             Mangled by Crazy Yiuf
             ... wielding a +3 quarterstaff of chaos
              (9 damage)
             ... on level 2 of the Dungeon.
             The game lasted 00:03:43 (2521 turns).

MalarOregon the Poker (Merfolk Skald)               Turns: 2521, Time: 00:03:44

Health: -8/55      AC:  3    Str: 17    XL:     4   Next: 40%
Magic:  7/7        EV: 12    Int: 12    God:
Gold:   87         SH:  0    Dex: 13    Spells: 6/7 levels left

rFire    . . .     SeeInvis .   a - +0 spear
rCold    . . .     Gourm    .   (no shield)
rNeg     . . .     Faith    .   k - +0 leather armour (curse)
rPois    .         Spirit   .   (no helmet)
rElec    .         Reflect  .   (no cloak)
rCorr    .         Harm     .   (no gloves)
MR       .....                  (no boots)
Stlth    ..........             (no amulet)
HPRegen  0.18/turn              (no ring)
MPRegen  0.10/turn              (no ring)

@: mighty, berserking, lethally poisoned (-8 -> -25), very quick
A: change form in water, swift swim, stealthy swim
a: no special abilities


You were on level 2 of the Dungeon.
You were not hungry.

You visited 1 branch of the dungeon, and saw 2 of its levels.

You collected 87 gold pieces.

Inventory:

Hand Weapons
 a - a +0 spear (weapon)
Armour
 k - a cursed +0 leather armour (worn)
   (You found it on level 2 of the Dungeon)
Scrolls
 d - 5 scrolls of identify {unknown}
 h - 3 scrolls of remove curse {unknown}
 i - a scroll of enchant weapon {unknown}
 m - a scroll of fear {unknown}
 o - a scroll of teleportation {unknown}
Potions
 b - 2 potions of resistance {unknown}
 c - a potion of magic {unknown}
 f - a potion of haste {unknown}
 g - a potion of flight {unknown}
 j - a potion of curing {unknown}
 l - 3 potions of might
 n - a potion of berserk rage
Comestibles
 e - 2 rations {!d}
 p - 3 chunks of flesh


   Skills:
 + Level 3.8 Fighting
 + Level 5.1 Polearms
 - Level 0.6 Armour
 - Level 2.6 Dodging
 - Level 2.0 Spellcasting
 - Level 3.2 Charms


You had 6 spell levels left.
You knew the following spells:

 Your Spells              Type           Power        Failure   Level  Hunger
a - Infusion              Chrm           #...         9%          1    ##.....

Your spell library contained the following spells:

 Spells                   Type           Power        Failure   Level  Hunger
 Song of Slaying          Chrm           #.......     13%         2    ###....
 Shroud of Golubria       Chrm/Tloc      #.........   26%         2    ###....
 Regeneration             Chrm/Necr      #.........   45%         3    ####...
 Spectral Weapon          Hex/Chrm       #.......     45%         3    ####...


Dungeon Overview and Level Annotations

Branches:
Dungeon (2/15)

Altars:

Annotations:
D:2 Crazy Yiuf


Message History

The gnoll shouts!
You barely miss the gnoll. The gnoll barely misses you.
You hit the gnoll. The gnoll barely misses you.
You hit the gnoll. The gnoll closely misses you.
You hit the gnoll. The gnoll misses you.
You hit the gnoll. You puncture the gnoll!
You kill the gnoll!
No target in view!
No target in view!
You see here a +0 club.
You see here a mace.
Unknown command.
As you open the door, it creaks loudly!
Crazy Yiuf hits you with a +3 quarterstaff of chaos!
You are poisoned.
You feel sick.
You feel sick.
You feel sick.
You hit Crazy Yiuf.
You feel sick.
You hit Crazy Yiuf.
You feel sick.
Crazy Yiuf whimpers, "Proton King chair!"
Crazy Yiuf hits you with a +3 quarterstaff of chaos.
* * * LOW HITPOINT WARNING * * *
You are lethally poisoned!
* * * LOW HITPOINT WARNING * * *
You feel sick.
It was a potion of might.
You feel very mighty all of a sudden.
* * * LOW HITPOINT WARNING * * *
You feel sick.
Crazy Yiuf hits you with a +3 quarterstaff of chaos.
* * * LOW HITPOINT WARNING * * *
You are more poisoned.
It was a potion of berserk rage.
A red film seems to cover your vision as you go berserk!
You feel yourself moving faster!
You feel mighty!
* * * LOW HITPOINT WARNING * * *
You feel sick.
Crazy Yiuf hits you with a +3 quarterstaff of chaos!
* * * LOW HITPOINT WARNING * * *
You are too berserk!
You completely miss Crazy Yiuf.
* * * LOW HITPOINT WARNING * * *
You feel sick.
You barely miss Crazy Yiuf.
* * * LOW HITPOINT WARNING * * *
You feel sick.
Crazy Yiuf hits you with a +3 quarterstaff of chaos!
You die...

...####...# #).)# #............
...####...# #...# ##.........##
..........# ))) #........#...
...#####..# #'# ###..........
..........# #)## #............
...#####..# ##.# #............
..........# #.## #............
..........# ##g# #....##......
..........# ##@## #....##......
..........# ##...# #######......
.....###### #P.P.# #.#####......
...#.###### #....# #....#######.
..........####....###....###.....
####.............)...............
..##.........##..................
...................#.............
.................................


You could see Crazy Yiuf.

Vanquished Creatures
  4 gnolls
  2 worms
  3 dart slugs (D:1)
  A ball python (D:1)
  4 giant cockroaches
  2 goblins
  3 hobgoblins
  3 bats
  A frilled lizard (D:1)
  6 kobolds
  6 rats
35 creatures vanquished.

Notes
Turn   | Place    | Note
-------+----------+-------------------------------------------
     0 | D:1      | MalarOregon the Merfolk Skald began the quest for the Orb.
     0 | D:1      | Reached XP level 1. HP: 16/16 MP: 3/3
   545 | D:1      | Reached XP level 2. HP: 21/23 MP: 5/5
   891 | D:1      | Reached skill level 4 in Polearms
   949 | D:1      | Reached XP level 3. HP: 29/29 MP: 6/6
  1754 | D:2      | Found a runed translucent door.
  1755 | D:2      | Noticed Crazy Yiuf
  2134 | D:2      | Reached XP level 4. HP: 35/35 MP: 7/7
  2341 | D:1      | Reached skill level 5 in Polearms
  2520 | D:2      | HP: 2/55 [poisoned by Crazy Yiuf]
  2521 | D:2      | Mangled by Crazy Yiuf

Skill      XL: |  1  2  3  4 |
---------------+-------------+-----
Polearms       | 4 5 |  5.1
Fighting       | 3 |  3.8
Armour         | |  0.6
Dodging        | |  2.6
Spellcasting   | |  2.0
Charms         | |  3.2

Action                   |  1- 3 |  4- 6 || total
-------------------------+-------+-------++-------
Melee: Spear             |   171 |    47 ||   218
       Tailslap          |       |     2 ||     2
  Use: Potion            |       |     2 ||     2
 Stab: Sleeping          |     1 |       ||     1
  Eat: Chunk             |     3 |     2 ||     5
Armor: Leather armour    |    18 |     1 ||    19
Dodge: Dodged            |    65 |    19 ||    84
